 Dungeon Sprint DCSS version 0.30-a0-1160-g6e42c06551 (webtiles) character file.

Game seed: 10841277549928501893

65 BigDaddyOpFi the Lightning Rod (level 4, -3/33 HPs)
             Began as an Octopode Fighter on Apr 25, 2023.
             Was a Follower of Qazlal.
             Slain by a fire bat (7 damage)
             ... in the Dungeon (Sprint VII: "The Pits").
             The game lasted 00:00:32 (273 turns).

BigDaddyOpFi the Lightning Rod (Octopode Fighter)    Turns: 273, Time: 00:00:33

Health: -3/33      AC:  1    Str: 17    XL:     4   Next: 14%
Magic:  7/7        EV: 13    Int: 10    God:    Qazlal [*.....]
Gold:   0          SH:  6    Dex: 11    Spells: 3/3 levels left

rFire   . . .        a - +0 war axe
rCold   . . .        b - +0 buckler
rNeg    . . .        (helmet restricted)
rPois   .            (no amulet)
rElec   .            (no ring)
rCorr   .            (no ring)
SInv    .            (no ring)
Will    .....        (no ring)
Stlth   ++           (no ring)
HPRegen 0.25/turn    (no ring)
MPRegen 0.10/turn    (no ring)
                     (no ring)

%: no teleportation
@: no status effects
A: almost no armour, amphibious, 8 rings, camouflage 1, gelatinous body 1,
(nimble swimmer 1), tentacles
a: Renounce Religion


You were in the Dungeon.
You worshipped Qazlal.
Qazlal was aware of your devotion.
You visited 1 branch

Inventory:

Hand Weapons
 a - a +0 war axe (weapon)
Armour
 b - a +0 buckler (worn)
Scrolls
 i - a scroll of blinking
Potions
 c - a potion of might
 d - a potion of curing
 f - a potion of haste
 g - 4 potions of magic
 h - 3 potions of berserk rage
 j - 2 potions of invisibility


   Skills:
 + Level 4.3 Fighting
 + Level 3.8 Axes
 + Level 4.3 Dodging
 + Level 4.3 Shields
 * Level 4.4 Invocations


You had 3 spell levels left.
You didn't know any spells.
Your spell library was empty.

Dungeon Overview and Level Annotations

Branches:
Dungeon (1/1)

Altars:
Ashenzari
Cheibriados
Dithmenos
Elyvilon
Fedhas
Gozag
Hepliaklqana
Kikubaaqudgha
Makhleb
Nemelex Xobeh
Okawaru
Qazlal
Ru
Sif Muna
Trog
Uskayaw
Vehumet
Wu Jian
Xom
Yredelemnul
Zin
The Shining One
Jiyva
Lugonu


Innate Abilities, Weirdness & Mutations

You cannot wear most types of armour.
You are amphibious.
You can wear up to eight rings at the same time.
Your skin changes colour to match your surroundings (Stealth+).
Your rubbery body absorbs attacks. (AC +1, EV +1)
((You are camouflaged when in or above water. (Stealth+)))
You have tentacles for arms and can constrict up to eight enemies at once.


Message History

You start waiting.
You open the door.
A frilled lizard, a fire bat, a bat and a goblin come into view.
There is an open door here.
The goblin shouts!
There is an open door here.
There is an open door here.
You closely miss the goblin. Your grab misses the goblin.
You squeeze the goblin, but do no damage.
The goblin completely misses you.
You hit the fire bat. Your grab misses the fire bat.
You squeeze the fire bat, but do no damage.
The fire bat is lightly wounded.
You hit the goblin but do no damage. The fire bat barely misses you.
The goblin barely misses you.
You closely miss the fire bat. You grab the fire bat.
The fire bat is lightly wounded.
You closely miss the goblin. You constrict the fire bat.
The fire bat misses you. You block the fire bat's attack.
The goblin barely misses you. The fire bat bites you.
You are engulfed in flames.
The goblin misses you.
You hit the fire bat. You squeeze the fire bat!
The fire bat is severely wounded.
You barely miss the goblin. You constrict the fire bat. The fire bat bites you.
You are engulfed in flames.
The fire bat bites you but does no damage.
The fire bat barely misses you. You block the goblin's attack.
The fire bat closely misses you.
You barely miss the fire bat.
The fire bat is severely wounded.
You closely miss the goblin. You constrict the fire bat.
The frilled lizard hisses angrily.
The fire bat bites you.
You are engulfed in flames.
* * * LOW HITPOINT WARNING * * *
The fire bat struggles to escape constriction.
The bat hits you but does no damage. You block the goblin's attack.
The fire bat bites you.
* * * LOW HITPOINT WARNING * * *
You are engulfed in flames!
You die...

##########.##..........
#..........†'..........
#+#####'#####......#..#
#..)..# #..........
#....†# ####'#####+
###'### #.......#
#.....# #.......#
#..°..# #.......#
####@##+###...<...#
#.lbbg...##.......#
#........##.......#
###########.......#
#########


You could see a fire bat, a goblin, a bat and a frilled lizard.

Vanquished Creatures
  A scorpion (D)
  A giant cockroach (D)
  A goblin (D)
  2 bats (D)
5 creatures vanquished.

Notes
Turn   | Place    | Note
-------+----------+-------------------------------------------
     0 | D        | BigDaddyOpFi the Octopode Fighter began the quest for the
                  | Orb.
     0 | D        | Reached XP level 1. HP: 16/16 MP: 1/1
    16 | D        | Found a bloodstained altar of Trog.
    16 | D        | Found a shimmering blue altar of Sif Muna.
    16 | D        | Found a viscous altar of Jiyva.
    16 | D        | Found a hazy altar of Hepliaklqana.
    16 | D        | Found an opulent altar of Gozag.
    17 | D        | Found a glowing golden altar of the Shining One.
    17 | D        | Found a glowing silver altar of Zin.
    17 | D        | Found a basalt altar of Yredelemnul.
    17 | D        | Found a shimmering altar of Xom.
    17 | D        | Found an ornate altar of the Wu Jian Council.
    17 | D        | Found a sacrificial altar of Ru.
    17 | D        | Found a stormy altar of Qazlal.
    17 | D        | Found an iron altar of Okawaru.
    17 | D        | Found a sparkling altar of Nemelex Xobeh.
    17 | D        | Found a burning altar of Makhleb.
    17 | D        | Found a blossoming altar of Fedhas.
    17 | D        | Found a white marble altar of Elyvilon.
    17 | D        | Found a shadowy altar of Dithmenos.
    17 | D        | Found a snail-covered altar of Cheibriados.
    18 | D        | Found a radiant altar of Vehumet.
    18 | D        | Found a corrupted altar of Lugonu.
    19 | D        | Found a hide-covered altar of Uskayaw.
    19 | D        | Found an ancient bone altar of Kikubaaqudgha.
    19 | D        | Found a broken altar of Ashenzari.
    22 | D        | Became a worshipper of Qazlal Stormbringer
    56 | D        | Reached skill level 1 in Invocations
    60 | D        | Noticed a scorpion
    61 | D        | Reached * piety under Qazlal
    65 | D        | Killed a scorpion
    66 | D        | Reached XP level 2. HP: 17/22 MP: 1/5
    66 | D        | Reached XP level 3. HP: 20/27 MP: 1/6
    66 | D        | Reached XP level 4. HP: 25/33 MP: 1/7
   264 | D        | Noticed a fire bat
   273 | D        | Slain by a fire bat

Illustrated notes

Levels and vault maps discovered:
D:        pitsprint [storerooms_1, entrance_room_1, metal_vault_4, armoury_2,
          mini_pit_1, grid_room_1, main_hall_1, silver_pit, the_coven_3,
          the_vestibule_1, steel_vault_3, golden_pit, hallway_of_sentries,
          crystal_vault_5, iron_vault_4, final_vault]

Skill      XL: |  1 |
---------------+----+-----
Invocations    | 4 |  4.4
Fighting       | 4 |  4.3
Axes           | 3 |  3.8
Dodging        | 4 |  4.3
Shields        | 4 |  4.3

Action                     |  1- 3 |  4- 6 || total
---------------------------+-------+-------++-------
  Melee: War axe           |    10 |     5 ||    15
         Constrict         |     3 |     1 ||     4
         Tentacles         |     1 |     3 ||     4
    Use: Potion            |     1 |       ||     1
   Stab: Sleeping          |     1 |       ||     1
 Armour: Skin              |     1 |     2 ||     3
  Dodge: Dodged            |     9 |     8 ||    17
  Block: Buckler           |     6 |     3 ||     9

Table legend: (Time is in decaauts)
 A = Elapsed time spent in this place.
 B = Non-inter-level travel time spent in this place.
 C = Inter-level travel time spent in this place.
 D = Time resting spent in this place.
 E = Time spent auto-exploring this place.
 F = Levels seen in this place.
 G = Mean time per level.
                   A        B        C        D        E       F      G
               +--------+--------+--------+--------+--------+-----+--------+
         Total |    278 |    278 |      0 |    195 |      0 |   1 |  278.0 |
       Dungeon |    278 |    278 |      0 |    195 |      0 |   1 |  278.0 |
               +--------+--------+--------+--------+--------+-----+--------+

Top non-repeatable levels by time:
       D: 278 daAuts
